 Dungeon Crawl Stone Soup version 0.27.0-1-g7a089689b8 (webtiles) character file.

Game seed: 11708645663522479637

29 SnakkuSnakku7 the Skirmisher (level 3, -1/39 HPs)
             Began as an Ogre Delver on Aug 6, 2021.
             Slain by a kobold brigand (3 damage)
             ... in a sewer.
             The game lasted 00:02:04 (566 turns).

SnakkuSnakku7 the Skirmisher (Ogre Delver)           Turns: 566, Time: 00:02:05

Health: -1/39      AC:  3    Str: 17    XL:     3   Next: 16%
Magic:  3/3        EV:  9    Int: 11    God:
Gold:   24         SH:  0    Dex: 10    Spells: 2/2 levels left

rFire    . . .     SeeInvis .   a - +0 mace
rCold    . . .     Faith    .   (no shield)
rNeg     . . .     Spirit   .   b - +0 robe
rPois    .         Reflect  .   (helmet restricted)
rElec    .         Harm     .   (no cloak)
rCorr    .         Rampage  .   (gloves unavailable)
Will     .....                  (boots unavailable)
Stlth    ++........             (no amulet)
HPRegen  0.13/turn              (no ring)
MPRegen  0.08/turn              (no ring)

@: very slow
A: large, unfitting armour, tough skin 1
a: no special abilities


You were in a sewer.
You visited 1 branch of the dungeon, and saw 2 of its levels.
You also visited: Sewer.

You collected 24 gold pieces.

Inventory:

Hand Weapons
 a - a +0 mace (weapon)
Armour
 b - a +0 robe (worn)
Wands
 d - a wand of acid (4)
 g - a wand of digging (3)
Scrolls
 c - a scroll of fog
 e - a scroll of teleportation {unknown}
 i - a scroll of blinking {unknown}
Potions
 f - a potion of haste
 h - a potion of resistance {unknown}


   Skills:
 - Level 4.0 Fighting
 + Level 3.2 Maces & Flails
 - Level 1.7 Dodging
 - Level 3.7 Stealth


You had 2 spell levels left.
You didn't know any spells.
Your spell library was empty.

Dungeon Overview and Level Annotations

Branches:
Dungeon (5/15)              Sewer (1/1)
 Temple: D:4-7

Altars:


Innate Abilities, Weirdness & Mutations

You are too large for most types of armour.
You have tough skin. (AC +1)


Message History

The worm is almost dead.
You hit the worm.
You kill the worm!
The kobold brigand shoots a bolt.
The bolt hits you!
You enter the shallow water.
Moving in this stuff is going to be slow.
The kobold brigand unwields a +0 hand crossbow.
The kobold brigand wields a +0 short sword.
The kobold brigand hits you with a +0 short sword.
The kobold brigand barely misses you.
You see here a worm corpse.
You hit the kobold brigand but do no damage.
The kobold brigand splashes around in the water.
You closely miss the kobold brigand.
The kobold brigand splashes around in the water.
You hit the kobold brigand but do no damage.
The kobold brigand hits you with a +0 short sword.
You barely miss the kobold brigand.
The kobold brigand splashes around in the water.
The kobold brigand hits you with a +0 short sword!
* * * LOW HITPOINT WARNING * * *
You hit the kobold brigand but do no damage.
The kobold brigand splashes around in the water.
Aiming: Corrosive Bolt
Press: ? - help, Shift-Dir - straight line, f - kobold brigand
Aim: a kobold brigand, wielding a +0 short sword and quivering bolts (64% to hit)
The bolt of acid hits the kobold brigand!
The kobold brigand is splashed with acid.
The acid corrodes the kobold brigand!
The kobold brigand is heavily wounded.
The kobold brigand barely misses you.
Unknown command.
You closely miss the kobold brigand.
The kobold brigand is heavily wounded.
The kobold brigand hits you with a +0 short sword!
* * * LOW HITPOINT WARNING * * *
You barely miss the kobold brigand.
The kobold brigand is heavily wounded.
The kobold brigand hits you with a +0 short sword.
You die...

#. .#K .# #≈ ≈#≈
≈# #≈ ≈#≈ ≈#
#≈#≈#≈#w# ≈≈≈
≈≈. #≈# #≈# #.#
#≈# #≈###≈#
#..@K≈# ##≈≈≈##
#..≈# ≈. #.≈.#
≈≈.# ##≈≈≈#
≈≈.≈# ##..≈.#
.≈≈≈.#####≈.≈≈.#
≈.≈≈≈≈≈≈≈..≈.##
#.≈.≈≈..≈.###


You could see a kobold brigand (corroded).

Vanquished Creatures
  A river rat (Sewer)
  3 worms
  A dart slug (D:4)
  2 giant cockroaches (D:4)
  A goblin (D:4)
  2 quokkas (D:4)
10 creatures vanquished.

Notes
Turn   | Place    | Note
-------+----------+-------------------------------------------
     0 | D:5      | SnakkuSnakku7 the Ogre Delver began the quest for the Orb.
     0 | D:5      | Reached XP level 1. HP: 24/24 MP: 1/1
    12 | D:5      | Noticed a scorpion
   117 | D:4      | Reached XP level 2. HP: 19/32 MP: 2/2
   175 | D:4      | Found a glowing drain.
   271 | Sewer    | Entered a sewer
   307 | Sewer    | Reached XP level 3. HP: 9/39 MP: 3/3
   537 | Sewer    | Noticed a kobold brigand
   566 | Sewer    | Slain by a kobold brigand

Illustrated notes

Levels and vault maps discovered:
D:4:      layout_basic, portal_sewer_entry_f, kennysheep_generic_room_11
D:5:      layout_cave_pools, nicolae_hepliaklqana_hippocampus, serial_shops,
          shop_fountains
Sewer:    sewer_co_tree

Skill      XL: |  1  2 |
---------------+-------+-----
Maces & Flails | 2 3 |  3.2
Fighting       | |  4.0
Dodging        | |  1.7
Stealth        | |  3.7

Action                   || total
-------------------------++-------
Melee: Mace              ||    42
Evoke: Wand              ||     3
  Use: Scroll            ||     2
Armor: Robe              ||     7
Dodge: Dodged            ||    16
